 Dungeon Crawl Stone Soup version 0.26.1-11-gd32895ea62 (webtiles) character file.

Game seed: 13553608962073997860

60 tizbic2 the Skirmisher (level 4, -2/36 HPs)
             Began as a Hill Orc Monk on June 27, 2021.
             Slain by an orc wizard
             ... wielding a +0 dagger
              (3 damage)
             ... on level 2 of the Dungeon.
             The game lasted 00:06:32 (1345 turns).

tizbic2 the Skirmisher (Hill Orc Monk)              Turns: 1345, Time: 00:06:33

Health: -2/36      AC:  2    Str: 14    XL:     4   Next: 6%
Magic:  4/4        EV: 13    Int: 10    God:
Gold:   84         SH:  0    Dex: 13    Spells: 3/3 levels left

rFire    . . .     SeeInvis .   g - +2 dagger (protect)
rCold    . . .     Faith    .   (no shield)
rNeg     . . .     Spirit   .   b - +0 robe
rPois    .         Reflect  .   (no helmet)
rElec    .         Harm     .   (no cloak)
rCorr    .         Rampage  .   (no gloves)
Will     +....                  (no boots)
Stlth    ++........             (no amulet)
HPRegen  0.12/turn              (no ring)
MPRegen  0.09/turn              (no ring)

@: no status effects
A: talons 1, frail 1, high mp 1, strong-willed 1
a: no special abilities


You were on level 2 of the Dungeon.
You visited 1 branch of the dungeon, and saw 2 of its levels.

You collected 84 gold pieces.

Inventory:

Hand Weapons
 a - a +0 hand axe
 g - a +2 dagger of protection (weapon)
Missiles
 c - 118 stones (quivered)
 e - 7 javelins
Armour
 b - a +0 robe (worn)
 i - a scarf of harm
 m - a +0 ring mail
Jewellery
 f - an uncursed ring of flight {unknown}
 n - an uncursed amulet of magic regeneration {unknown}
Scrolls
 d - a scroll of enchant armour {unknown}
 h - 2 scrolls of identify {unknown}
 j - a scroll of teleportation {unknown}
 k - a scroll of remove curse {unknown}
 l - a scroll of enchant weapon {unknown}


   Skills:
 + Level 4.5 Fighting
 + Level 1.1 Short Blades
 + Level 4.5 Axes
 + Level 0.1 Throwing
 + Level 2.8 Dodging
 + Level 1.7 Stealth


You had 3 spell levels left.
You didn't know any spells.
Your spell library was empty.

Dungeon Overview and Level Annotations

Branches:
Dungeon (2/15)

Altars:
Sif Muna


Innate Abilities, Weirdness & Mutations

You have sharp toenails.
You are frail. (-10% HP)
You have an increased reservoir of magic. (+10% MP)
You are strong-willed. (Will+)


Message History

The orc hits you with a cursed +0 dagger.
You closely miss the orc. You claw the orc.
You kill the orc!
Things that are here:
a cursed +0 dagger; a +0 dagger; a +0 robe An orc wizard comes into view.
It is wielding a +0 dagger.
The orc wizard gestures at you while chanting.
The magic dart hits you!
* * * LOW HITPOINT WARNING * * *
The orc wizard casts a spell.
The orc wizard seems to speed up.
An orc comes into view. It is wielding a +0 falchion.
The orc shouts!
The orc wizard misses you.
You completely miss the orc wizard. Your kick misses the orc wizard.
The orc wizard points at you and mumbles some strange words.
The magic dart hits you!
* * * LOW HITPOINT WARNING * * *
The orc wizard hits you with a +0 dagger.
You die...

#.#######(# ###.##
#.# #..... ###.#
####.#.#.###...# ..
....).##.#.. .#
#.#.#..##....
###.###....†.###.##
#..o..###.##)# #.##
######.@# ##.###)##
#......#.#
#<.....##
#.###.###..
###......## #)##.##
#o#..........##
#.### ...###......#
#.# .## #......#
#.# # ##..##(# #.#
# #..##.# #.# .#
#..##.#


You could see an orc wizard (fast) and an orc.

Vanquished Creatures
  An orc wizard (D:2)
  A worm (D:2)
  2 leopard geckos
  An orc (D:2)
  2 giant cockroaches (D:1)
  5 goblins (D:1)
  7 hobgoblins
  2 frilled lizards (D:2)
  5 kobolds
  A rat (D:1)
27 creatures vanquished.

Notes
Turn   | Place    | Note
-------+----------+-------------------------------------------
     0 | D:1      | tizbic2 the Hill Orc Monk began the quest for the Orb.
     0 | D:1      | Reached XP level 1. HP: 19/19 MP: 1/1
   306 | D:1      | Reached XP level 2. HP: 6/27 MP: 2/2
   930 | D:2      | Reached XP level 3. HP: 27/33 MP: 3/3
  1226 | D:2      | Found a shimmering blue altar of Sif Muna.
  1253 | D:2      | Gained mutation: You are strong-willed. (Will+) [potion of
                  | mutation]
  1253 | D:2      | Gained mutation: You are frail. (-10% HP) [potion of
                  | mutation]
  1253 | D:2      | Gained mutation: You have sharp toenails. [potion of
                  | mutation]
  1253 | D:2      | Gained mutation: You have an increased reservoir of magic.
                  | (+10% MP) [potion of mutation]
  1332 | D:2      | Reached skill level 1 in Short Blades
  1332 | D:2      | Reached XP level 4. HP: 15/36 MP: 4/4
  1345 | D:2      | HP: 1/36 [orc wizard/magic dart (8)]
  1345 | D:2      | Slain by an orc wizard

Illustrated notes

Levels and vault maps discovered:
D:1:      dpeg_arrival_connections, layout_basic, serial_glass, glass_columns_c,
          glass_columns_a, feat_on_display, feat_on_display, item_on_display_a,
          item_on_display_a
D:2:      layout_loops_ring, overflow_temple_1_default

Skill      XL: |  1  2  3 |
---------------+----------+-----
Fighting       | 4 |  4.5
Short Blades   | 1 |  1.1
Axes           | |  4.5
Throwing       | |  0.1
Dodging        | |  2.8
Stealth        | |  1.7

Action                   |  1- 3 |  4- 6 || total
-------------------------+-------+-------++-------
Melee: Hand axe          |    23 |       ||    23
       Dagger            |    93 |     4 ||    97
       Kick              |     1 |     2 ||     3
Throw: Stone             |     9 |       ||     9
  Use: Scroll            |     1 |       ||     1
       Potion            |     4 |       ||     4
 Stab: Sleeping          |     1 |       ||     1
Armor: Robe              |    25 |       ||    25
Dodge: Dodged            |    67 |     2 ||    69
